 Dungeon Crawl Stone Soup version 0.24.0-37-gcf1ca852f1 (webtiles) character file.

Game seed: 5626827419570710348, levelgen mode: deterministic

22 Fingolfin the Magician (level 2, 22/22 HPs)
             Began as a Naga Wizard on Dec 1, 2019.
             Quit the game on level 1 of the Dungeon.
             The game lasted 00:03:21 (1250 turns).

Fingolfin the Magician (Naga Wizard)                Turns: 1250, Time: 00:03:22

Health: 22/22      AC:  1    Str:  9    XL:     2   Next: 91%
Magic:  6/6        EV: 10    Int: 18    God:
Gold:   15         SH:  0    Dex:  9    Spells: 5/8 levels left

rFire    . . .     SeeInvis +   g - +0 short sword
rCold    . . .     Gourm    .   (no shield)
rNeg     . . .     Faith    .   a - +0 robe
rPois    +         Spirit   .   b - +0 hat
rElec    .         Reflect  .   (no cloak)
rCorr    .         Harm     .   (no gloves)
MR       .....                  (no barding)
Stlth    ++........             (no amulet)
HPRegen  0.07/turn              (no ring)
MPRegen  0.10/turn              (no ring)

@: very slow
A: large, see invisible, deformed body, poison resistance, slowness 2, slow
metabolism 1, spit poison 1, AC +0
a: Spit Poison


You were on level 1 of the Dungeon.
You were not hungry.

You visited 1 branch of the dungeon, and saw 2 of its levels.

You collected 15 gold pieces.

Inventory:

Hand Weapons
 g - a +0 short sword (weapon)
Armour
 a - a +0 robe (worn)
 b - a +0 hat (worn)
 h - a +3 leather armour
Scrolls
 c - a scroll of teleportation {unknown}
 e - a scroll of fog {unknown}
 f - a scroll of amnesia {unknown}
 i - a scroll of identify {unknown}
Comestibles
 d - a ration
 j - 6 chunks of flesh


   Skills:
 - Level 1.5 Dodging
 - Level 3.0 Stealth
 - Level 3.5 Spellcasting
 + Level 1.9 Conjurations
   Level 1.0 Summonings
 - Level 1.0 Translocations


You had 5 spell levels left.
You knew the following spells:

 Your Spells              Type           Power        Failure   Level  Hunger
a - Magic Dart            Conj           ##..         7%          1    None
b - Blink                 Tloc           N/A          16%         2    ##.....

Your spell library contained the following spells:

 Spells                   Type           Power        Failure   Level  Hunger
 Call Imp                 Summ           #.......     16%         2    ##.....
 Slow                     Hex            #.......     24%         2    ##.....
 Conjure Flame            Conj/Fire      #.......     30%         3    ###....
 Mephitic Cloud           Conj/Pois/Air  #.......     34%         3    ###....


Dungeon Overview and Level Annotations

Branches:
Dungeon (2/15)

Altars:


Innate Abilities, Weirdness & Mutations

You cannot wear boots.
Your serpentine skin is tough. (AC +0)
You have supernaturally acute eyesight. (SInv)
Armour fits poorly on your strangely shaped body.
Your system is resistant to poisons. (rPois)
You cover ground very slowly.
You have a slow metabolism.
You can spit poison.


Message History

Aiming: Magic Dart (safe; 7% risk of failure)
Press: ? - help, Shift-Dir - straight line, f/p - kobold
Aim: a kobold (moderately wounded, poisoned)
The magic dart hits the kobold but does no damage.
The kobold is moderately wounded.
Casting: Magic Dart (safe; 7% risk of failure)
Confirm with . or Enter, or press ? or * to list all spells.
Aiming: Magic Dart (safe; 7% risk of failure)
Press: ? - help, Shift-Dir - straight line, f/p - kobold
Aim: a kobold (moderately wounded, poisoned)
The magic dart hits the kobold.
The kobold is severely wounded.
You have got your breath back.
You kill the kobold!
You start resting.
Magic restored.
Saving game... please wait.
Welcome back, Fingolfin the Naga Wizard.
Press ? for a list of commands and other information.
Are you sure you want to abandon this character and quit the game? (Confirm with "yes".)

# ## ############# .. .#
#...........# ... .#
#......)....# .... .#
#...........# .....
.####)..........##(.......
................@.......>
.##.............##.......
.##.............# .....
..#.............# ...# #
..#.............######.#.####
.....######..................
.....# ###########..#.#
........ ........)......#
..#..############'############


There were no monsters in sight!

Vanquished Creatures
  A leopard gecko (D:1)
  A giant cockroach (D:1)
  2 goblins (D:1)
  4 hobgoblins (D:1)
  2 jackals (D:1)
  A bat (D:1)
  A frilled lizard (D:1)
  5 kobolds (D:1)
  3 rats (D:1)
20 creatures vanquished.

Notes
Turn   | Place    | Note
-------+----------+-------------------------------------------
     0 | D:1      | Fingolfin the Naga Wizard began the quest for the Orb.
     0 | D:1      | Reached XP level 1. HP: 15/15 MP: 4/4
   680 | D:1      | Reached XP level 2. HP: 22/22 MP: 3/6
   767 | D:1      | Learned a level 2 spell: Blink
  1131 | D:1      | You fall into a shaft and drop 1 floor!
  1250 | D:1      | Quit the game

Levels and vault maps discovered:
D:1:      giann_horns, layout_basic
D:2:      layout_basic, nicolae_tso_swordbearing_angel, bloody_trog,
          yredelemnul_forgotten_temple_becter,
          chequers_ecumenical_altar_simple_redux, guppyfry_early_lair_pool

Action                   || total
-------------------------++-------
Melee: Unarmed           ||     4
 Cast: Magic Dart        ||    39
 Abil: Spit Poison       ||    16
  Eat: Chunk             ||     1
Armor: Robe              ||     4
Dodge: Dodged            ||    11
